 Dungeon Crawl Stone Soup version 0.28-a0-895-g6e5f11bd55 (webtiles) character file.

Game seed: 11242764200631083907

146 enile the Stinger (level 5, -1/34 HPs)
             Began as an Octopode Venom Mage on Nov 22, 2021.
             Was a Believer of Cheibriados.
             Slain by a phantom (8 damage)
             ... on level 4 of the Dungeon.
             The game lasted 00:09:13 (3469 turns).

enile the Stinger (Octopode Venom Mage)             Turns: 3469, Time: 00:09:14

Health: -1/34      AC:  1    Str: 11 (13) XL:     5   Next: 28%
Magic:  8/11       EV: 13    Int: 22 (23) God:    Cheibriados [**....]
Gold:   98         SH:  0    Dex: 16 (17) Spells: 6/12 levels left

rFire   + . .      SeeInvis .   o - +0 great mace
rCold   x . .      Faith    .   (shield currently unavailable)
rNeg    . . .      Spirit   .   (helmet restricted)
rPois   .          Reflect  .   (no amulet)
rElec   .          Harm     .   e - ring of fire
rCorr   .          Rampage  .   (no ring)
Will    .....                   (no ring)
Stlth   +++.......              (no ring)
HPRegen 0.11/turn               (no ring)
MPRegen 0.12/turn               (no ring)
                                (no ring)
                                (no ring)

@: very slow
A: almost no armour, amphibious, 8 rings, camouflage 1, gelatinous body 1,
(nimble swimmer 1), tentacles
a: Renounce Religion, Bend Time


You were on level 4 of the Dungeon.
You worshipped Cheibriados.
Cheibriados was pleased with you.
You visited 1 branch of the dungeon, and saw 4 of its levels.

You collected 98 gold pieces.

Inventory:

Hand Weapons
 o - a +0 great mace (weapon)
Missiles
 d - 4 javelins (quivered)
Jewellery
 c - a ring of positive energy
 e - a ring of fire (left tentacle)
 j - an amulet of reflection
Scrolls
 a - a scroll of enchant weapon {unknown}
 b - a scroll of summoning {unknown}
 f - a scroll of blinking {unknown}
 i - a scroll of amnesia {unknown}
 k - a scroll of identify {unknown}
 l - a scroll of teleportation {unknown}
 m - a scroll of magic mapping {unknown}
 n - a scroll of acquirement {unknown}
Potions
 g - a potion of curing


   Skills:
 - Level 2.0 Fighting
 - Level 2.0 Dodging
 - Level 2.6 Stealth
 - Level 4.0 Spellcasting
 - Level 1.0 Transmutations
 + Level 4.4 Poison Magic


You had 6 spell levels left.
You knew the following spells:

 Your Spells              Type           Power      Damage    Failure   Level
a - Sting                 Tmut/Pois      64%        1d6       3%          1
b - Poisonous Vapours     Pois/Air       28%        N/A       7%          2
c - Mephitic Cloud        Conj/Pois/Air  10%        N/A       19%         3

Your spell library contained the following spells:

 Spells                   Type           Power      Damage    Failure   Level
 Wereblood                Tmut           8%         N/A       11%         2
 Sublimation of Blood     Necr           4%         N/A       17%         2
 Olgreb's Toxic Radiance  Pois           24%        N/A       19%         4
 Summon Hydra             Summ           2%         N/A       100%        7


Dungeon Overview and Level Annotations

Branches:
Dungeon (4/15)
 Temple: D:4-7

Altars:
Cheibriados

Shops:
D:1 [


Innate Abilities, Weirdness & Mutations

You cannot wear most types of armour.
You are amphibious.
You can wear up to eight rings at the same time.
Your skin changes colour to match your surroundings (Stealth+).
Your rubbery body absorbs attacks. (AC +1, EV +1)
((You are camouflaged near water. (Stealth+)))
You have tentacles for arms and can constrict up to eight enemies at once.


Message History

Your squeeze misses the hobgoblin. The hobgoblin misses you.
You sock the hobgoblin!
You kill the hobgoblin!
Cheibriados appreciates the change of pace.
You see here a hobgoblin corpse.
Key pressed, stopping explore.
A phantom opens the door.
A phantom is nearby!
A phantom is nearby!
A phantom is nearby!
There is an open door here.
Casting: Sting (safe; 3% risk of failure)
Confirm with . or Enter, or press ? or * to list all spells.
You can't see any susceptible monsters within range! (Use Z to cast anyway.)
The phantom barely misses you.
There is an open door here.
You barely miss the phantom. The phantom hits you.
The phantom blinks!
You blink.
The phantom hits you.
The phantom blinks!
You blink.
There is an open door here.
You see here a hobgoblin corpse.
There's a creature in the doorway!
The phantom hits you!
* * * LOW HITPOINT WARNING * * *
Casting: Sting (safe; 3% risk of failure)
Confirm with . or Enter, or press ? or * to list all spells.
Okay, then.
Okay, then.
The phantom hits you.
* * * LOW HITPOINT WARNING * * *
The phantom blinks!
You blink.
It was a potion of degeneration.
There was something very wrong with that liquid.
You feel weakened.
You feel dopey.
You feel clumsy. The phantom misses you.
You feel better. The phantom hits you!
* * * LOW HITPOINT WARNING * * *
The flow of time bends around you.
The phantom resists with some effort.
The phantom misses you. The phantom hits you!
You die...

#.........###.... ###
#.###............
..###.###.........####
...<.................###
..##..###.###.##.#.....
.###..# #.# #.##.#...#
......# #.# #.##.#...###
.##...# #.# #...........
.#..#..##.# ####@#...#.#
...###.##. #.W.......
##..#..# #..##.##..
###....########..# #
.......§.#††.##..#
.###.###§#'#...[.#
#.....#..#..#
+.....##+##.# #.....#
#.#


You could see a phantom.

Vanquished Creatures
  Jessica (D:3)
  5 adders
  An ufetubus (D:4)
  A worm (D:4)
  2 dart slugs
  4 ball pythons
  7 endoplasms
  2 giant cockroaches (D:1)
  2 goblins
  6 hobgoblins
  11 jackals
  A quokka (D:1)
  6 bats
  3 frilled lizards
  6 kobolds
  5 rats
63 creatures vanquished.

Notes
Turn   | Place    | Note
-------+----------+-------------------------------------------
     0 | D:1      | enile the Octopode Venom Mage began the quest for the Orb.
     0 | D:1      | Reached XP level 1. HP: 11/11 MP: 3/3
    92 | D:1      | Reached skill level 1 in Fighting
   151 | D:1      | Reached XP level 2. HP: 10/18 MP: 0/5
   444 | D:1      | Found Luum's Armour Shop.
   686 | D:1      | Reached XP level 3. HP: 15/24 MP: 3/6
  1108 | D:2      | Found a faded altar of an unknown god.
  1136 | D:2      | Prayed at the altar of an unknown god.
  1136 | D:2      | Became a worshipper of Cheibriados the Contemplative
  1136 | D:2      | Reached * piety under Cheibriados
  1678 | D:2      | Learned a level 2 spell: Poisonous Vapours
  1712 | D:2      | Learned a level 3 spell: Mephitic Cloud
  2302 | D:3      | Noticed Jessica
  2309 | D:3      | Killed Jessica
  2310 | D:3      | Reached XP level 4. HP: 27/29 MP: 5/9
  2787 | D:3      | Reached ** piety under Cheibriados
  2947 | D:3      | Reached XP level 5. HP: 34/34 MP: 5/11
  3454 | D:4      | Noticed a phantom
  3469 | D:4      | Slain by a phantom

Illustrated notes

Levels and vault maps discovered:
D:1:      pf_arrival_petrified_forest, layout_rooms, serial_shops, shop
D:2:      layout_basic, basic_ecumenical_altar
D:3:      layout_rooms, uniq_jessica
D:4:      nicolae_cairo_tiling_large, layout_loops_ring, nrook_loot_triangle,
          uniq_duvessa, uniq_pikel, uniq_sigmund

Skill      XL: |  1  2  3  4 |
---------------+-------------+-----
Fighting       | 1 2 |  2.0
Spellcasting   | 3 4 |  4.0
Poison Magic   | 4 |  4.4
Dodging        | |  2.0
Stealth        | |  2.6
Transmutations | |  1.0

Action                   |  1- 3 |  4- 6 || total
-------------------------+-------+-------++-------
Melee: Unarmed           |    41 |    17 ||    58
       Constrict         |     8 |     8 ||    16
       Tentacles         |    11 |     7 ||    18
       Great mace        |       |    12 ||    12
Throw: Javelin           |     1 |       ||     1
 Cast: Sting             |    46 |    28 ||    74
       Poisonous Vapours |     4 |    10 ||    14
Invok: Bend Time         |       |     1 ||     1
  Use: Potion            |       |     3 ||     3
Armor: Skin              |     7 |     2 ||     9
Dodge: Dodged            |    42 |    34 ||    76

Table legend: (Time is in decaauts)
 A = Elapsed time spent in this place.
 B = Non-inter-level travel time spent in this place.
 C = Inter-level travel time spent in this place.
 D = Time resting spent in this place.
 E = Time spent auto-exploring this place.
 F = Levels seen in this place.
 G = Mean time per level.
                   A        B        C        D        E       F      G
               +--------+--------+--------+--------+--------+-----+--------+
         Total |   3994 |   3896 |     98 |    403 |   2917 |   4 |  998.5 |
       Dungeon |   3994 |   3896 |     98 |    403 |   2917 |   4 |  998.5 |
               +--------+--------+--------+--------+--------+-----+--------+

Top non-repeatable levels by time:
     D:2: 1879 daAuts
     D:3: 979 daAuts
     D:1: 897 daAuts
     D:4: 238 daAuts
